Map: Traitor's Exile

Players

OpuS - Winner!

  • Race: Protoss Protoss
  • League: Platinum
  • Spawn Location: 9:00

Sketchaphone - Winner!

  • Race: Zerg Zerg
  • League: Platinum
  • Spawn Location: 12:00

CHaSE

  • Race: Terran Terran
  • League: Diamond
  • Spawn Location: 5:00

Moglie

  • Race: Protoss Protoss
  • League: Gold
  • Spawn Location: 6:00

VOD

Have the link to the VOD?

Description

Time

  • Played on: Feb. 5, 2019, 8:59 p.m.
  • Length: 11:34
Show
View Real Time Build Order
Export as new Build Order

OpuS Protoss - Winner!

Build Orders:  

Get SALT Encoding   

  12  0:01  Probe  
  13  0:13  Probe  
  14  0:18  Pylon  
  14  0:25  Probe  
  15  0:40  Gateway  
  15  0:50  Probe  
  16  0:58  Probe  
  16  0:59  Assimilator  
  16  1:01  Gateway  
  17  1:08  Probe  
  18  1:22  Probe  
  19  1:31  Probe  
  19  1:33  Cybernetics Core  
  19  1:39  Probe  
  20  1:40  Pylon  
  21  2:11  Warp Gate  
  21  2:21  Stalker, Nexus  
  23  2:26  Probe  
  23  2:27  Pylon  
  23  2:35  Probe  
  24  2:42  Stalker  
  27  2:50  Probe, Assimilator  
  28  2:59  Pylon  
  28  3:27  Stargate  
  28  3:31  Gateway  
  28  3:33  Stalker  
  29  3:44  Probe  
  30  3:49  Probe  
  30  3:55  Twilight Council  
  31  3:56  Probe  
  31  4:01  Probe  
  33  4:08  Probe  
  34  4:15  Stalker x2  
  38  4:18  Oracle  
  38  4:24  Probe x2  
  43  4:36  Probe x2  
  45  4:48  Probe  
  45  4:49  Probe  
  45  4:51  Charge  
  47  4:57  Pylon  
  47  5:01  Probe x2  
  47  5:06  Stalker  
  51  5:13  Probe x2  
  53  5:24  Void Ray  
  53  5:25  Probe x2  
  59  5:37  Probe x2  
  59  5:39  Stalker  
  59  5:41  Zealot x2  
  67  5:49  Probe x2  
  69  5:50  Assimilator  
  69  5:54  Assimilator  
  69  6:01  Probe  
  70  6:15  Pylon  
  70  6:19  Pylon  
  70  6:21  Pylon  
  70  6:24  Pylon  
  70  6:26  Void Ray  
  70  6:31  Nexus  
  70  6:32  Gateway  
  70  6:33  Gateway  
  70  6:37  Gateway  
  74  6:48  Stalker  
  73  7:00  Stargate  
  73  7:05  Void Ray  
  73  7:07  Stalker x2  
  81  7:25  Probe x2  
  81  7:26  Pylon  
  81  7:29  Pylon  
  83  7:33  Protoss Air Weapons Level 1  
  83  7:35  Zealot x2  
  83  7:36  Zealot  
  89  7:48  Void Ray  
  89  7:49  Zealot x3  
  99  7:52  Probe x2  
  99  7:53  Probe  
  102  8:01  Void Ray  
  102  8:02  Zealot  
  86  8:31  Void Ray  
  74  8:44  Void Ray  
  74  8:50  Zealot x4  
  74  8:51  Zealot  
  74  8:52  Zealot  
  74  8:54  Probe  
  87  8:56  Probe  
  87  8:58  Probe  
  89  9:06  Probe  
  90  9:10  Probe  
  90  9:11  Probe  
  90  9:14  Assimilator, Void Ray  
  96  9:18  Assimilator  
  96  9:19  Probe  
  97  9:27  Void Ray  
  97  9:29  Templar Archives  
  101  9:32  Forge  
  101  9:34  Cybernetics Core  
  89  9:56  Void Ray  
  89  9:57  Zealot x4  
  89  9:58  Zealot x2  
  89  9:59  Probe x2  
  108  10:00  Probe  
  108  10:09  Void Ray  
  108  10:11  Probe x2  
  108  10:12  Stargate  
  114  10:25  Gateway  
  114  10:26  Gateway  
  114  10:28  Gateway  
  114  10:30  Pylon  
  114  10:31  High Templar x2  
  114  10:32  Pylon, Zealot  
  114  10:33  Zealot  
  114  10:35  Archon  
  124  11:15  Zealot x3  
  124  11:16  Zealot x2  
  128  11:20  Nexus  
  128  11:22  Pylon  
  128  11:23  Pylon  
  122  11:28  Pylon  
Show
View Real Time Build Order
Export as new Build Order

Sketchaphone Zerg - Winner!

Build Orders: Hatch First, Muta Ling Bane, Swarm Host 

Get SALT Encoding   

  12  0:01  Drone  
  13  0:14  Overlord  
  13  0:19  Drone  
  14  0:23  Extractor  
  14  0:24  Drone  
  15  0:33  Drone  
  16  0:36  Drone  
  17  0:55  Drone  
  18  0:58  Extractor  
  17  1:05  Hatchery  
  17  1:06  Drone  
  17  1:22  Spawning Pool  
  17  1:25  Drone  
  17  1:32  Drone  
  18  1:33  Drone  
  19  1:46  Drone  
  20  1:51  Overlord  
  20  2:10  Metabolic Boost  
  20  2:12  Queen, Drone  
  23  2:21  Zergling x2  
  24  2:24  Queen  
  24  2:25  Zergling x2  
  27  2:34  Drone  
  27  2:35  Zergling x2  
  29  2:39  Drone  
  30  2:46  Drone  
  30  2:47  Overlord  
  31  2:52  Drone  
  32  3:13  Drone  
  32  3:15  Queen  
  32  3:17  Overlord, Drone x2  
  36  3:28  Drone x2  
  36  3:29  Overlord  
  38  3:40  Drone  
  38  3:43  Queen  
  38  3:46  Hatchery  
  39  3:49  Drone  
  39  3:51  Drone  
  41  3:56  Drone  
  41  3:57  Overlord  
  41  3:58  Drone  
  41  4:02  Drone  
  44  4:06  Pneumatized Carapace  
  44  4:07  Drone  
  45  4:13  Evolution Chamber  
  45  4:14  Drone x2  
  46  4:23  Drone  
  47  4:25  Drone x4  
  47  4:26  Drone  
  52  4:34  Drone  
  53  4:43  Overlord, Drone x2  
  55  4:52  Overlord x2  
  55  4:56  Extractor  
  54  5:06  Drone  
  55  5:10  Spore Crawler  
  55  5:12  Spore Crawler  
  53  5:18  Drone x4  
  53  5:19  Spore Crawler  
  56  5:23  Overlord x3, Extractor  
  56  5:24  Drone  
  56  5:25  Drone, Extractor  
  56  5:37  Zergling x4  
  56  5:38  Overlord, Zergling x6  
  56  5:39  Drone  
  56  5:41  Zerg Ground Armor Level 1  
  62  5:43  Drone  
  62  5:47  Overlord  
  63  5:52  Evolution Chamber, Drone x2  
  63  5:53  Baneling Nest, Drone x2  
  65  5:58  Lair  
  66  6:04  Drone  
  66  6:06  Hatchery  
  66  6:07  Overlord, Drone  
  66  6:37  Zerg Melee Weapons Level 1  
  66  6:38  Overlord x2  
  66  6:39  Drone  
  67  6:49  Queen  
  67  6:52  Drone x2  
  67  6:53  Spore Crawler  
  70  6:59  Overlord  
  70  7:00  Overlord  
  70  7:05  Infestation Pit  
  70  7:06  Drone  
  70  7:07  Spire  
  66  7:17  Drone x4  
  66  7:19  Overlord  
  68  7:26  Hatchery  
  67  7:32  Spore Crawler  
  67  7:33  Queen  
  67  7:34  Overlord x3, Drone x2  
  70  7:45  Drone x2  
  70  7:46  Drone x4  
  70  7:50  Drone x2  
  78  7:57  Spore Crawler, Centrifical Hooks  
  77  8:01  Zergling x4  
  77  8:02  Zergling x12  
  87  8:12  Zergling x6  
  87  8:13  Zergling x6  
  87  8:16  Zergling x2  
  86  8:22  Zergling x2  
  84  8:35  Zergling x18  
  84  8:39  Zerg Melee Weapons Level 2  
  84  8:40  Zerg Ground Armor Level 2  
  88  8:47  Drone  
  88  8:48  Drone x4  
  89  8:57  Queen  
  91  9:11  Overlord x2  
  91  9:13  Swarm Host  
  91  9:14  Swarm Host x3  
  103  9:19  Extractor  
  103  9:20  Extractor  
  103  9:23  Extractor  
  100  9:25  Extractor  
  100  9:27  Zergling x28  
  113  9:44  Zergling x22  
  124  9:47  Zergling x8  
  124  9:49  Mutalisk x2  
  124  9:50  Mutalisk  
  124  9:52  Swarm Host  
  131  10:17  Hive  
  131  10:18  Burrow  
  131  10:19  Overlord x2  
  131  10:20  Evolution Chamber, Baneling x2  
  123  10:34  Drone x11  
  119  10:45  Zergling x16  
  119  10:46  Zergling x4  
  124  10:50  Zergling x8  
  118  11:05  Zergling x14  
  118  11:06  Zergling x14  
Show
View Real Time Build Order
Export as new Build Order

CHaSE Terran 

Build Orders:  

Get SALT Encoding   

  12  0:01  SCV  
  13  0:13  SCV  
  14  0:18  Supply Depot  
  14  0:25  SCV  
  15  0:29  Refinery  
  15  0:40  SCV  
  16  0:47  Barracks  
  16  0:53  SCV  
  17  1:05  SCV  
  18  1:18  SCV  
  20  1:34  Orbital Command  
  20  1:35  Reaper  
  20  1:48  Bunker  
  20  1:52  Factory  
  20  1:59  SCV  
  21  2:08  Refinery  
  21  2:22  SCV  
  22  2:26  Barracks Reactor  
  22  2:30  Supply Depot  
  22  2:39  Factory Tech Lab  
  22  2:46  Starport  
  22  2:59  Command Center  
  22  3:02  Marine x2  
  24  3:07  Siege Tank  
  27  3:15  Bunker  
  27  3:29  Starport Reactor  
  27  3:34  SCV  
  27  3:36  Marine x2  
  30  3:47  SCV  
  31  3:59  Supply Depot  
  31  4:06  Supply Depot  
  31  4:11  Marine x2, Siege Tank, SCV  
  37  4:18  Orbital Command  
  38  4:24  SCV  
  38  4:29  Marine x2  
  40  4:33  Medivac  
  40  4:37  Medivac  
  44  4:47  SCV  
  45  4:59  SCV  
  46  5:00  SCV  
  47  5:07  Marine x2  
  47  5:13  Barracks  
  49  5:16  Barracks, SCV  
  49  5:17  SCV  
  51  5:22  Refinery  
  51  5:25  Marine x2  
  51  5:28  SCV  
  54  5:33  Engineering Bay  
  54  5:35  Engineering Bay  
  54  5:38  Liberator  
  54  5:39  SCV  
  55  5:49  Marine x2  
  57  5:52  SCV  
  61  5:58  Supply Depot  
  61  5:59  Supply Depot  
  61  6:03  Terran Infantry Weapons Level 1  
  61  6:10  Terran Infantry Armor Level 1  
  61  6:19  Missile Turret  
  61  6:20  Medivac  
  61  6:21  Missile Turret, Barracks Tech Lab  
  61  6:23  Barracks Tech Lab  
  64  6:25  SCV  
  64  6:32  SCV  
  64  6:35  Marine x2  
  66  6:43  SCV  
  67  6:48  Missile Turret  
  67  6:51  SCV  
  68  6:55  Refinery  
  68  6:58  SCV  
  69  7:04  SCV  
  69  7:06  Medivac  
  69  7:07  Command Center  
  72  7:09  Stimpack, Combat Shield  
  72  7:10  SCV  
  73  7:25  SCV  
  73  7:26  Siege Tank  
  73  7:28  Marine  
  78  7:32  Supply Depot  
  78  7:35  Supply Depot  
  78  7:45  Marine, SCV x2  
  78  7:47  Missile Turret  
  78  7:53  Marine x3  
  81  8:03  Marine  
  82  8:11  Marine x2  
  82  8:12  Marauder  
  68  8:21  Marine  
  59  8:29  Marine x2  
  59  8:31  Barracks  
  59  8:32  Barracks  
  59  8:33  Barracks, Marauder  
  60  8:39  Marauder  
  58  8:42  SCV x2  
  58  8:47  Marine x2  
  62  8:49  Armory  
  62  8:54  Marine  
  63  8:59  SCV  
  63  9:00  Orbital Command, Marine  
  65  9:05  Marine x2  
  65  9:08  Concussive Shells  
  67  9:12  Medivac, Marine  
  67  9:13  Medivac  
  67  9:16  SCV  
  73  9:17  SCV  
  73  9:18  Marine  
  73  9:20  Supply Depot  
  73  9:22  Marine x2  
  77  9:25  Barracks Reactor  
  77  9:27  Barracks Reactor  
  77  9:31  Barracks Reactor  
  77  9:35  SCV x2  
  77  9:47  SCV x2  
  77  9:52  Marine  
  77  9:53  Marauder x2, Marine  
  81  10:08  Marine x3  
  81  10:09  Marine x3, Command Center  
  81  10:10  Marine x2  
  89  10:15  Marine x2  
  89  10:17  Medivac x2  
  97  10:42  Marine  
  97  10:43  Marauder x2, Marine x2  
  97  10:46  Marine  
  97  10:47  Marine  
  95  10:54  Marine x3  
  95  10:56  SCV  
  94  11:00  Marine  
  94  11:01  Marine  
  82  11:12  Marine x3  
  82  11:13  Marauder x2, Marine x3  
Show
View Real Time Build Order
Export as new Build Order

Moglie Protoss 

Build Orders:  

Get SALT Encoding   

  12  0:01  Probe  
  13  0:13  Probe  
  14  0:32  Pylon  
  14  0:34  Probe  
  15  1:08  Gateway  
  15  1:11  Probe  
  15  1:12  Assimilator  
  15  1:15  Assimilator  
  16  1:19  Probe  
  17  1:29  Probe  
  18  1:37  Gateway  
  18  1:41  Probe  
  19  1:52  Probe  
  20  1:57  Cybernetics Core  
  20  2:00  Probe  
  21  2:08  Probe  
  22  2:20  Probe  
  22  2:32  Probe  
  22  2:35  Pylon  
  22  2:37  Warp Gate  
  23  2:45  Pylon  
  23  2:53  Adept x2  
  27  3:13  Robotics Facility  
  27  3:36  Adept  
  27  3:37  Adept  
  31  3:59  Shield Battery  
  31  4:02  Immortal  
  35  4:10  Nexus, Probe  
  35  4:14  Pylon  
  36  4:18  Probe  
  37  4:26  Stalker  
  37  4:30  Probe  
  39  4:32  Sentry  
  42  4:42  Probe  
  43  4:47  Forge  
  43  4:51  Observer  
  44  4:55  Probe  
  45  5:03  Stalker  
  47  5:11  Pylon  
  47  5:13  Pylon  
  47  5:21  Probe  
  47  5:23  Probe  
  49  5:31  Probe  
  49  5:33  Probe  
  43  5:41  Probe  
  42  6:00  Stalker  
  42  6:03  Photon Cannon  
  43  6:18  Photon Cannon  
  43  6:20  Probe  
  44  6:28  Probe  
  45  6:33  Probe  
  45  6:36  Probe  
  46  6:41  Probe  
  46  6:44  Stalker, Probe  
  50  6:51  Probe  
  52  6:56  Probe  
  53  7:03  Probe  
  53  7:05  Immortal  
  58  7:08  Stalker  
  58  7:09  Stalker  
  62  7:50  Stalker  
  62  7:51  Stalker  
  66  7:52  Immortal  
  70  8:00  Probe  
  70  8:05  Gateway  
  71  8:06  Gateway  
  71  8:09  Gateway  
  71  8:12  Probe  
  72  8:22  Stalker x2  
  72  8:24  Probe  
  55  8:51  Stalker x2  
  59  8:58  Immortal  
  59  9:00  Stalker  
  65  9:17  Twilight Council  
  65  9:24  Stalker x2  
  65  9:25  Nexus  
  65  9:26  Assimilator  
  65  9:28  Pylon  
  65  9:30  Assimilator  
  65  9:31  Pylon  
  65  10:18  Stalker x3  
  65  10:19  Stalker x2  
  73  10:25  Probe  
  73  10:29  Templar Archives  
  73  10:31  Probe  
  73  10:33  Probe  
  75  10:42  Probe  
  74  10:43  Probe  
  50  10:52  Stalker x4  
  50  10:53  Stalker  
  50  10:54  Probe  
  50  10:55  Probe  
  62  11:02  Probe  
  52  11:10  Probe  
  38  11:20  Probe  
Tags
 
Add a new tag
Caveats
  • Supply blocks, unpowered buildings, or Contaminate may cause inaccurate times.
  • Supply counts are checked every 10 seconds.